Match 46489293
Unlisted

Match 46489293
End
Scout Squad
Selects Airborne Battlegroup
Selects Heavy Machine Gun Paradrop
Construct Barracks
Heavy Machine Gun Paradrop
Riflemen Squad
Engineer Squad
Construct Medical Station
Selects Paratrooper Squad Paradrop
Paratrooper Squad Paradrop
Infantry Support Center
Selects Anti-tank Gun Team Paradrop
Anti-tank Gun Team Paradrop
Anti-tank Gun Team Paradrop
Construct Motor Pool
M8 Greyhound Armored Car
M24 Chaffee Light Tank
Anti-tank Gun Team Paradrop
Paratrooper Squad Paradrop
Selects Smoke Bombing Run
Smoke Bombing Run
Heavy Machine Gun Paradrop
Selects Supply Drop
Selects Dual P-47 Rocket Strike
Dual P-47 Rocket Strike
Anti-tank Gun Team Paradrop
Paratrooper Squad Paradrop
Anti-tank Gun Team Paradrop
Dual P-47 Rocket Strike
Construct Tank Depot
Paratrooper Squad Paradrop
M18 Hellcat Tank Destroyer
M18 Hellcat Tank Destroyer
Engineer Squad
M18 Hellcat Tank Destroyer
Dual P-47 Rocket Strike
M4(105) Sherman Bulldozer
Dual P-47 Rocket Strike
M18 Hellcat Tank Destroyer
Axis For Braindeads
Timeless
Alloyzy Klex®
SEPH
0
0

Comments sign in to comment!

No comments posted yet!